 Dungeon Sprint DCSS version 0.15-a0-1015-g702813b (console) character file.

465154 Kellhus the End of an Era (level 19, 186/186 HPs)
             Began as a Hill Orc Gladiator on May 26, 2014.
             Was the Champion of Qazlal.
             Escaped with the Orb!
             The game lasted 00:26:56 (3564 turns).

Kellhus the End of an Era (Hill Orc Gladiator)      Turns: 3564, Time: 00:26:56

HP 186/186       AC 60     Str 29      XL: 19   Next: 28%
MP  43/43        EV 18     Int 10      God: Qazlal [******]
Gold 0           SH 16     Dex 14      Spells:  0 memorised, 62 levels left

rFire  + . .     SeeInvis +     I - +12,+15 obsidian axe {chop, +Fly Str+3 SInv Curse}
rCold  + . .     Clarity  .     K - +9 gold dragon armour
rNeg   + + .     Conserve .     (no shield)
rPois  +         rCorr    .     c - +0 helmet
rElec  +         rRot     .     V - +5 cloak of Magic {rElec rPois rN+ Stlth+}
SustAb .         Spirit   .     p - +2 pair of gloves of Ecusy {rN+ MR++}
rMut   +         Warding  .     W - +2 pair of boots {Fly}
Gourm  .         NoTele   +     O - amulet of resist mutation
MR     +++..                    d - ring "Komemama" {AC+3 Dex+4}
                                P - ring "Iwnu Qun" {AC+4 Dex-1 Int+2}

@: repel missiles, flying, extremely resistant to hostile enchantments,
extremely unstealthy
A: frail 1
a: Upheaval, Elemental Force, Disaster Area, Renounce Religion, Stop Flying
0: Orb of Zot


You escaped.
You worshipped Qazlal.
Qazlal was exalted by your worship.
You were not hungry.

You visited 1 branch

Inventory:

Hand weapons
 H - a +6,+7 executioner's axe of flaming
 I - the cursed +12,+15 obsidian axe (weapon) {chop, +Fly Str+3 SInv Curse}
   (You found it in the Dungeon)

   It inflicts extra damage upon your enemies.
   It affects your strength (+3).
   It enhances your eyesight.
   It lets you fly.
   It may recurse itself when equipped.
   It has a curse placed upon it.
 Q - the +5,+8 glaive of the Guard {elec, +Rage AC+5 SInv}
   (You found it in the Dungeon)

   Occasionally, upon striking a foe, it will discharge some electrical energy
   and cause terrible harm.
   It affects your AC (+5).
   It enhances your eyesight.
   It lets you go berserk.
Armour
 c - a +0 helmet (worn)
 p - the +2 pair of gloves of Ecusy (worn) {rN+ MR++}
   (You found it in the Dungeon)

   It protects you from negative energy.
   It affects your resistance to hostile enchantments.
 K - a +9 gold dragon armour (worn)
 V - the +5 cloak of Magic (worn) {rElec rPois rN+ Stlth+}
   (You found it in the Dungeon)

   It insulates you from electricity.
   It protects you from poison.
   It protects you from negative energy.
   It makes you more stealthy.
 W - a +2 pair of boots of flying (worn)
Comestibles
 f - 3 meat rations
 z - 42 strawberries
 A - 4 bread rations
Scrolls
 k - 3 scrolls of blinking
 s - 2 scrolls of amnesia
 t - 3 scrolls of recharging
 u - 5 scrolls of fog
 w - 3 scrolls of identify
 y - a scroll of fear
Jewellery
 a - the amulet "Kalah" {Ward rN+ Dex+4 Int-3}
   (You found it in the Dungeon)

   [amulet of warding]

   It may prevent the melee attacks of summoned creatures.
   It affects your intelligence (-3).
   It affects your dexterity (+4).
   It protects you from negative energy.
 b - an uncursed ring of fire
 d - the ring "Komemama" (right hand) {AC+3 Dex+4}
   (You found it in the Dungeon)

   [ring of protection]

   It affects your AC (+3).
   It affects your dexterity (+4).
 v - the amulet "Zocuty" {Inacc Str+1 Int+3}
   (You found it in the Dungeon)

   [amulet of inaccuracy]

   It reduces the accuracy of all your attacks.
   It affects your strength (+1).
   It affects your intelligence (+3).
 x - an uncursed ring of ice
 B - a +6 ring of dexterity
 C - a +6 ring of dexterity
 D - a +6 ring of intelligence
 E - a +6 ring of intelligence
 F - a +6 ring of strength
 G - a +6 ring of strength
 J - the ring of Surprise {rF+ Dex+4 Int+4}
   (You found it in the Dungeon)

   [ring of protection from fire]

   It affects your intelligence (+4).
   It affects your dexterity (+4).
   It protects you from fire.
 L - an uncursed amulet of faith
 M - an uncursed ring of protection from cold
 N - the cursed ring "Buiso" {AC-3 Str+4}
   (You found it in the Dungeon)

   [ring of protection]

   It affects your AC (-3).
   It affects your strength (+4).
   It has a curse placed upon it.
 O - an amulet of resist mutation (around neck)
 P - the ring "Iwnu Qun" (left hand) {AC+4 Dex-1 Int+2}
   (You found it in the Dungeon)

   [ring of protection]

   It affects your AC (+4).
   It affects your intelligence (+2).
   It affects your dexterity (-1).
 R - an uncursed ring of ice
 S - an uncursed ring of protection from magic
 T - the ring "Hinusch" {+Blink +Fly rPois}
   (You found it in the Dungeon)

   [ring of poison resistance]

   It protects you from poison.
   It lets you fly.
   It lets you blink.
 X - a cursed ring of stealth
 Z - the ring "Jimal" {rElec rPois}
   (You found it in the Dungeon)

   [ring of poison resistance]

   It insulates you from electricity.
   It protects you from poison.
Potions
 e - 8 potions of curing
 g - 9 potions of heal wounds
 h - 4 potions of haste
 i - 7 potions of magic
 j - 2 potions of berserk rage
 l - 2 potions of brilliance
 m - 2 potions of invisibility
 n - 2 potions of restore abilities
 o - 3 potions of resistance
 q - 4 potions of agility
 r - 8 potions of might
Books
 U - the Papyrus of Self-Improvement and Feathers
   (You found it in the Dungeon)

   Spells                             Type                      Level
   Song of Slaying                    Charms                       2
   Flight                             Charms/Air                   3
   Lightning Bolt                     Conjuration/Air              5
   Iskenderun's Battlesphere          Conjuration/Charms           5
   Silence                            Hexes/Air                    5
 Y - a book of Control

   Spells                             Type                      Level
   Control Teleport                   Charms/Translocation         4
   Control Undead                     Necromancy                   4
   Enslavement                        Hexes                        4
   Metabolic Englaciation             Hexes/Ice                    5
   Mass Confusion                     Hexes                        6


   Skills:
 O Level 27 Fighting
 O Level 27 Axes
 - Level 2.0 Throwing
 O Level 27 Armour
 + Level 24.9 Dodging
 + Level 22.4 Spellcasting
 O Level 27 Invocations


You had 62 spell levels left.
You didn't know any spells.

Dungeon Overview and Level Annotations

Branches:
Dungeon (1/1)

Altars:
Ashenzari
Cheibriados
Dithmenos
Elyvilon
Fedhas
Gozag
Kikubaaqudgha
Makhleb
Nemelex Xobeh
Okawaru
Qazlal
Sif Muna
Trog
Vehumet
Xom
Yredelemnul
Zin
The Shining One
Beogh
Jiyva
Lugonu


Innate Abilities, Weirdness & Mutations

You are frail (-10% HP).


Message History

You see here an uncursed staff of conjuration.
You see here an uncursed staff of conjuration.
You see here an uncursed staff of summoning.
Your ice devil is struck by lightning.
You kill your ice devil!
You see here an uncursed staff of conjuration.
You see here an uncursed staff of poison.
You see here an uncursed staff of summoning.
You see here a cursed staff of conjuration.
You see here a glowing spear.
You see here a leather armour.
An exit appears before you!
Your surroundings seem different!
Found the Orb of Zot.
Found a staircase leading out of the dungeon.
You see here the Orb of Zot.
You pick up the Orb of Zot!
The orb lets out a hideous shriek!
The lords of Pandemonium are not amused.
Beware!
Now all you have to do is get back out of the dungeon!
There is a staircase leading out of the dungeon here.
You have escaped!

............▓..▓.......▓..▓..)8©8
............▓.▓.▓.....▓.▓.▓..§.).
............▓..▓.......▓..▓...§(§
............▓.............▓...).§
............▓.............▓......
............▓▓▓▓▓▓▓▓▓▓▓▓▓▓▓......
............▓8888888888888▓...)..
............▓8..§§.......8▓..▓..)
............▓8..@.§......8▓.▓....
≈...........▓8...§.......8▓....(.
≈...........▓8888888888888▓▓▓▓▓▓▓
▓▓▓▓▓▓▓▓▓▓▓▓▓▓▓▓▓▓▓▓▓▓▓▓▓▓▓▓▓▓▓▓▓
.....8©83)......▓........8©8.....
})|=))§§§)=})}|.▓.=}))))"|)}))|}.
")||}[§...=":}[.▓.:|)|:.):)[§))[.
:=)}[..§..=)=)=.▓.)?...:§.§:)))).
..%.%.....%.....▓.......)%.[|....


There were no monsters in sight!

Vanquished Creatures
  3 orbs of fire (D)
  A pandemonium lord (D)
  4 golden dragons (D)
  A lich (D)
  4 quicksilver dragons (D)
  A deep elf blademaster (D)
  8 acid blobs (D)
  4 krakens (D)
  An azure jelly (D)
  4 shadow dragons (D)
  A frost giant (D)
  2 fire giants (D)
  10 balrugs (D)
  4 iron dragons (D)
  A deep elf sorcerer (D)
  3 ghost moths (D)
  An orc warlord (D)
  6 stone giants (D)
  4 reapers (D)
  11 merfolk javelineers (D)
  5 death oozes (D)
  5 merfolk impalers (D)
  A green death (D)
  11 fire dragons (D)
  A deep elf high priest (D)
  8 vault guards (D)
  A yaktaur captain (D)
  5 ice dragons (D)
  9 hydras (D)
  2 monstrous demonspawn (D)
  7 merfolk aquamancers (D)
  An alligator snapping turtle (D)
  4 orc high priests (D)
  3 sun demons (D)
  8 hell hogs (D)
  A hell knight (D)
  2 soul eaters (D)
  A catoblepas (D)
  2 deep elf knights (D)
  7 sea snakes (D)
  A skeletal warrior (D)
  2 orb spiders (D)
  4 swamp dragons (D)
  6 ice devils (D)
  A giant orange brain (D)
  A flayed ghost (D)
  3 hill giants (D)
  2 death drakes (D)
  An infernal demonspawn (D)
  4 deep elf summoners (D)
  3 deep elf conjurers (D)
  2 harpies (D)
  3 wolf spiders (D)
  A torturous demonspawn (D)
  6 orc knights (D)
  A shining eye (D)
  3 manticores (D)
  A phantasmal warrior (D)
  7 red wasps (D)
  3 cyclopes (D)
  4 sixfirhies (D)
  2 griffons (D)
  5 orc sorcerers (D)
  A hellion (D)
  2 mermaids (D)
  4 moths of wrath (D)
  A smoke demon (D)
  3 black mambas (D)
  6 spiny frogs (D)
  3 tormentors (D)
  2 komodo dragons (D)
  An orange demon (D)
  6 fire drakes (D)
  An eye of devastation (D)
  3 demonic crawlers (D)
  7 efreet (D)
  2 yaktaurs (D)
  A hellwing (D)
  A giant firefly (shapeshifter) (D)
  2 trolls (D)
  5 merfolk (D)
  6 red devils (D)
  2 two-headed ogres (D)
  4 jumping spiders (D)
  4 fire vortices (D)
  7 iron devils (D)
  4 blue devils (D)
  3 freezing wraiths (D)
  2 deep elf priests (D)
  An ancient zyme (D)
  A raiju (D)
  A wind drake (D)
  A baby alligator (shapeshifter) (D)
  A boulder beetle (D)
  6 slime creatures (D)
  5 trapdoor spiders (D)
  2 blink frogs (D)
  A formicid (shapeshifter) (D)
  A shadow (D)
  3 wyverns (D)
  2 air elementals (D)
  8 brown oozes (D)
  A flying skull (D)
  A vampire (D)
  3 snapping turtles (D)
  6 wraiths (D)
  A water elemental (D)
  4 redbacks (D)
  A basilisk (D)
  2 yaks (D)
  2 elephant slugs (D)
  4 deep elf magi (D)
  4 sharks (D)
  3 fire elementals (D)
  4 neqoxecs (D)
  2 ugly things (D)
  7 ynoxinuls (D)
  2 chaos spawn (D)
  3 steam dragons (D)
  2 golden eyes (D)
  5 deep elf fighters (D)
  4 hippogriffs (D)
  3 mottled dragons (D)
  5 hell hounds (D)
  4 water moccasins (D)
  A necrophage (D)
  4 yellow wasps (D)
  5 swamp drakes (D)
  An orc warrior (D)
  5 crocodiles (D)
  A centaur (D)
  3 ogres (D)
  4 giant slugs (D)
  2 giant frogs (D)
  3 insubstantial wisps (D)
  6 jellies (D)
  2 scorpions (D)
  A goliath beetle (D)
  A wight (D)
  2 iguanas (D)
  3 iron imps (D)
  An orange rat (D)
  2 sheep (D)
  2 green rats (D)
  2 shadow imps (D)
  5 white imps (D)
  6 adders (D)
  3 giant mites (D)
  10 ufetubi (D)
  2 adder skeletons (D)
  2 giant eyeballs (D)
  5 oozes (D)
  29 orcs (D)
  A bat skeleton (D)
  2 bat zombies (D)
  A hobgoblin (D)
  A ball python zombie (D)
  A giant cockroach zombie (D)
  3 goblins (D)
  2 goblin skeletons (D)
  A goblin zombie (D)
  A hobgoblin skeleton (D)
  3 hobgoblin zombies (D)
  A jackal zombie (D)
  A kobold skeleton (D)
  4 kobold zombies (D)
  A quokka zombie (D)
  2 rat skeletons (D)
  A rat zombie (D)
  4 fungi (D)
  11 tentacles (D)
567 creatures vanquished.

Vanquished Creatures (collateral kills)
  An emperor scorpion (D)
  A death drake (D)
2 creatures vanquished.

Vanquished Creatures (others)
  2 fire dragons (D)
  A fire vortex (D)
  A blue devil (D)
  A ynoxinul (D)
  A neqoxec (D)
  7 tentacles (D)
  136 tentacle segments (D)
149 creatures vanquished.

Grand Total: 718 creatures vanquished

Notes
Turn   | Place    | Note
--------------------------------------------------------------
     0 | D        | Kellhus, the Hill Orc Gladiator, began the quest for the Orb.
     0 | D        | Reached XP level 1. HP: 18/18 MP: 1/1
     0 | D        | Found a roughly hewn altar of Beogh.
     0 | D        | Found an ancient bone altar of Kikubaaqudgha.
     1 | D        | Found a corrupted altar of Lugonu.
     2 | D        | Found a white marble altar of Elyvilon.
     6 | D        | Became a worshipper of Qazlal Stormbringer
     9 | D        | Found a burning altar of Makhleb.
     9 | D        | Found an iron altar of Okawaru.
    11 | D        | Found a sparkling altar of Nemelex Xobeh.
    11 | D        | Found a basalt altar of Yredelemnul.
    11 | D        | Found a deep blue altar of Sif Muna.
    11 | D        | Found a radiant altar of Vehumet.
    15 | D        | Found a bloodstained altar of Trog.
    26 | D        | Found a shimmering altar of Xom.
   107 | D        | Entered arena 1.
   109 | D        | Reached skill level 5 in Axes
   109 | D        | Reached XP level 2. HP: 25/25 MP: 2/4
   124 | D        | Entered arena 2.
   127 | D        | Acquired Qazlal's first power
   127 | D        | Acquired Qazlal's second power
   140 | D        | Entered arena 3.
   140 | D        | Noticed a deep elf summoner
   140 | D        | Noticed a deep elf fighter
   144 | D        | Killed a deep elf fighter
   144 | D        | Reached skill level 9 in Axes
   144 | D        | Reached XP level 3. HP: 30/30 MP: 6/9
   144 | D        | Reached XP level 4. HP: 37/37 MP: 7/11
   144 | D        | Reached XP level 5. HP: 42/42 MP: 8/13
   148 | D        | Killed a deep elf summoner
   148 | D        | Reached skill level 14 in Axes
   148 | D        | Reached XP level 6. HP: 44/50 MP: 8/20
   148 | D        | Reached XP level 7. HP: 49/56 MP: 8/22
   170 | D        | Entered arena 4.
   170 | D        | Noticed a jelly
   170 | D        | Noticed a slime creature
   174 | D        | Killed a slime creature
   174 | D        | Acquired Qazlal's third power
   175 | D        | Killed a jelly
   175 | D        | Reached skill level 15 in Axes
   175 | D        | Acquired Qazlal's fourth power
   224 | D        | Entered arena 5.
   224 | D        | Noticed an insubstantial wisp
   224 | D        | Noticed an insubstantial wisp
   224 | D        | Noticed an air elemental
   224 | D        | Noticed an insubstantial wisp
   224 | D        | Noticed an air elemental
   228 | D        | Killed an air elemental
   228 | D        | Reached skill level 15 in Invocations
   228 | D        | Reached XP level 8. HP: 47/62 MP: 23/25
   229 | D        | Killed an insubstantial wisp
   229 | D        | Killed an insubstantial wisp
   232 | D        | Killed an air elemental
   232 | D        | Reached skill level 16 in Axes
   234 | D        | Killed an insubstantial wisp
   302 | D        | Entered arena 6.
   302 | D        | Noticed a giant frog
   302 | D        | Noticed an iguana
   302 | D        | Noticed a giant frog
   302 | D        | Noticed a water moccasin
   302 | D        | Noticed an iguana
   305 | D        | Killed a giant frog
   307 | D        | Killed an iguana
   308 | D        | Killed an iguana
   308 | D        | Acquired Qazlal's fifth power
   308 | D        | Killed a giant frog
   308 | D        | Killed a water moccasin
   308 | D        | Reached skill level 17 in Axes
   322 | D        | Entered arena 7.
   322 | D        | Noticed a deep elf summoner
   322 | D        | Noticed a deep elf fighter
   322 | D        | Noticed a deep elf knight
   322 | D        | Noticed a deep elf conjurer
   322 | D        | Noticed a deep elf conjurer
   323 | D        | Killed a deep elf conjurer
   323 | D        | Reached XP level 9. HP: 68/68 MP: 25/27
   323 | D        | Killed a deep elf fighter
   324 | D        | Killed a deep elf summoner
   324 | D        | Reached skill level 18 in Axes
   325 | D        | Killed a deep elf conjurer
   325 | D        | Reached skill level 19 in Axes
   325 | D        | Killed a deep elf knight
   325 | D        | Reached XP level 10. HP: 74/74 MP: 17/29
   428 | D        | Entered arena 8.
   428 | D        | Noticed a yak
   428 | D        | Noticed a cyan ugly thing
   428 | D        | Noticed a giant firefly
   428 | D        | Noticed a shining eye
   428 | D        | Noticed a purple ugly thing
   428 | D        | Noticed a neqoxec
   428 | D        | Noticed a formicid
   429 | D        | Killed a neqoxec
   429 | D        | Reached skill level 1 in Armour
   429 | D        | Gained mutation: You are frail (-10% HP). [a shining eye]
   430 | D        | Killed a giant firefly
   430 | D        | Killed a formicid
   431 | D        | Killed a shining eye
   431 | D        | Reached skill level 5 in Fighting
   431 | D        | Reached skill level 20 in Axes
   432 | D        | a yak changed into a baby alligator
   434 | D        | Killed a purple ugly thing
   439 | D        | Killed a cyan ugly thing
   490 | D        | Entered arena 9.
   490 | D        | Noticed a ynoxinul
   490 | D        | Noticed a raiju
   490 | D        | Noticed an iron imp
   490 | D        | Noticed an ancient zyme
   490 | D        | Noticed an iron imp
   490 | D        | Noticed a ynoxinul
   491 | D        | Killed a raiju
   491 | D        | Reached skill level 5 in Armour
   492 | D        | Killed an iron imp
   492 | D        | Killed a ynoxinul
   492 | D        | Killed a ynoxinul
   497 | D        | Killed an iron imp
   499 | D        | Killed an ancient zyme
   556 | D        | Entered arena 10.
   556 | D        | Noticed a scorpion
   556 | D        | Noticed a wolf spider
   556 | D        | Noticed a redback
   556 | D        | Noticed a jumping spider
   556 | D        | Noticed a scorpion
   556 | D        | Noticed a jumping spider
   557 | D        | Killed a redback
   557 | D        | Killed a jumping spider
   557 | D        | Killed a jumping spider
   558 | D        | Killed a wolf spider
   558 | D        | Reached XP level 11. HP: 81/84 MP: 26/31
   558 | D        | Killed a scorpion
   558 | D        | Killed a scorpion
   588 | D        | Entered arena 11.
   588 | D        | Noticed an iron devil
   588 | D        | Noticed a tormentor
   588 | D        | Noticed an iron imp
   588 | D        | Noticed a reaper
   589 | D        | Killed an iron imp
   590 | D        | Killed a tormentor
   597 | D        | Killed an iron devil
   599 | D        | Killed a reaper
   599 | D        | Reached skill level 21 in Axes
   653 | D        | Identified the Incunabulum of Freezing Damage Dealing
   672 | D        | Entered arena 12.
   672 | D        | Noticed a hill giant
   672 | D        | Noticed a troll
   672 | D        | Noticed a frost giant
   672 | D        | Noticed a hill giant
   672 | D        | Noticed a fire giant
   672 | D        | Noticed a cyclops
   672 | D        | Noticed a two-headed ogre
   672 | D        | Noticed a cyclops
   673 | D        | Noticed a two-headed ogre
   673 | D        | Noticed a troll
   673 | D        | Noticed a hill giant
   673 | D        | Killed a two-headed ogre
   673 | D        | Killed a two-headed ogre
   674 | D        | Killed a troll
   674 | D        | Killed a hill giant
   674 | D        | Reached skill level 10 in Fighting
   674 | D        | Killed a cyclops
   674 | D        | Killed a troll
   676 | D        | Killed a frost giant
   676 | D        | Reached skill level 10 in Armour
   676 | D        | Killed a hill giant
   676 | D        | Killed a cyclops
   678 | D        | Killed a hill giant
   678 | D        | Reached skill level 22 in Axes
   680 | D        | Killed a fire giant
   680 | D        | Reached XP level 12. HP: 53/100 MP: 12/33
   767 | D        | Got the cursed ring "Buiso" {AC-3 Str+4}
   770 | D        | Got the ring "Iwnu Qun" {AC+4 Dex-1 Int+2}
   775 | D        | Got the ring "Hinusch" {+Blink +Fly rPois}
   859 | D        | Entered arena 13.
   859 | D        | Noticed a brown ooze
   860 | D        | Noticed a death ooze
   860 | D        | Killed a brown ooze
   860 | D        | Killed a jelly
   861 | D        | Noticed a death ooze
   861 | D        | Noticed an eye of devastation
   861 | D        | Killed a death ooze
   862 | D        | Noticed a brown ooze
   862 | D        | Killed a death ooze
   862 | D        | Killed an eye of devastation
   864 | D        | Noticed a golden eye
   864 | D        | Noticed a golden eye
   871 | D        | Killed a brown ooze
   871 | D        | Killed a golden eye
   872 | D        | Killed a golden eye
   923 | D        | Identified Shrikei's Reference Book on Weightlessness
   929 | D        | Entered arena 14.
   929 | D        | Noticed a wraith
   929 | D        | Noticed a wraith
   929 | D        | Noticed a wraith
   930 | D        | Noticed a red devil
   930 | D        | Killed a wraith
   930 | D        | Killed a wraith
   930 | D        | Killed a wight
   931 | D        | Noticed a flying skull
   931 | D        | Noticed a reaper
   931 | D        | Killed a red devil
   931 | D        | Killed a flying skull
   932 | D        | Noticed a flayed ghost
   932 | D        | Noticed a necrophage
   932 | D        | Killed a necrophage
   932 | D        | Killed a wraith
   933 | D        | Killed a flayed ghost
   934 | D        | Noticed a hell knight
   938 | D        | Killed a hell knight
   942 | D        | Killed a reaper
   942 | D        | Reached skill level 23 in Invocations
   962 | D        | Got the +5 cloak of Magic {rElec rPois rN+ Stlth+}
  1221 | D        | Entered arena 15.
  1221 | D        | Noticed a monstrous demonspawn
  1221 | D        | Noticed a red devil
  1221 | D        | Noticed a ynoxinul
  1222 | D        | Noticed a ynoxinul
  1222 | D        | Noticed Soefus the pandemonium lord
  1222 | D        | Noticed a balrug
  1222 | D        | Noticed a neqoxec
  1223 | D        | Killed a neqoxec
  1223 | D        | Killed a red devil
  1223 | D        | Killed a ynoxinul
  1224 | D        | Noticed a torturous demonspawn
  1224 | D        | Noticed a blue devil
  1224 | D        | Noticed a green death
  1224 | D        | Noticed a monstrous demonspawn
  1225 | D        | Noticed a hellwing
  1225 | D        | Noticed an infernal demonspawn
  1225 | D        | Noticed a chaos spawn
  1227 | D        | Killed a blue devil
  1227 | D        | Killed a ynoxinul
  1227 | D        | Killed a chaos spawn
  1227 | D        | Killed a green death
  1227 | D        | Reached skill level 15 in Fighting
  1227 | D        | Killed a balrug
  1227 | D        | Reached XP level 13. HP: 99/114 MP: 29/35
  1227 | D        | Killed an infernal demonspawn
  1227 | D        | Killed a hellwing
  1227 | D        | Killed a torturous demonspawn
  1227 | D        | Killed a monstrous demonspawn
  1227 | D        | Killed a monstrous demonspawn
  1227 | D        | Reached skill level 24 in Invocations
  1247 | D        | Killed Soefus the pandemonium lord
  1247 | D        | Reached skill level 15 in Armour
  1301 | D        | Got the ring "Jimal" {rElec rPois}
  1545 | D        | Entered arena 16.
  1547 | D        | Noticed a vault guard
  1547 | D        | Noticed a vault guard
  1547 | D        | Noticed a stone giant
  1548 | D        | Noticed a yaktaur
  1548 | D        | Noticed a stone giant
  1548 | D        | Noticed a vault guard
  1548 | D        | Killed a yaktaur
  1548 | D        | Reached skill level 25 in Invocations
  1549 | D        | Noticed a shadow dragon
  1549 | D        | Noticed a yaktaur
  1549 | D        | Killed a stone giant
  1550 | D        | Noticed a vault guard
  1550 | D        | Noticed a yaktaur captain
  1550 | D        | Noticed a vault guard
  1550 | D        | Killed a stone giant
  1550 | D        | Killed a vault guard
  1550 | D        | Killed a yaktaur captain
  1550 | D        | Killed a vault guard
  1551 | D        | Noticed a vault guard
  1551 | D        | Noticed a lich
  1551 | D        | Killed a yaktaur
  1551 | D        | Killed a vault guard
  1552 | D        | Killed a vault guard
  1552 | D        | Killed a lich
  1552 | D        | Reached XP level 14. HP: 126/129 MP: 20/36
  1553 | D        | Noticed a vault guard
  1553 | D        | Noticed a vault guard
  1553 | D        | Killed a vault guard
  1553 | D        | Killed a shadow dragon
  1553 | D        | Reached skill level 26 in Invocations
  1561 | D        | Killed a vault guard
  1561 | D        | Killed a vault guard
  1563 | D        | Killed a vault guard
  1653 | D        | Entered arena 17.
  1655 | D        | Noticed a deep elf summoner
  1655 | D        | Noticed a deep elf mage
  1655 | D        | Noticed a deep elf conjurer
  1656 | D        | Noticed a deep elf blademaster
  1656 | D        | Noticed a deep elf knight
  1656 | D        | Killed a deep elf knight
  1656 | D        | Killed a deep elf fighter
  1656 | D        | Killed a deep elf mage
  1657 | D        | Noticed an orc high priest
  1657 | D        | Noticed a deep elf priest
  1657 | D        | Noticed a deep elf mage
  1657 | D        | Killed a deep elf mage
  1657 | D        | Killed a deep elf conjurer
  1657 | D        | Killed an orc high priest
  1657 | D        | Killed a deep elf mage
  1657 | D        | Killed a deep elf high priest
  1657 | D        | Killed a deep elf summoner
  1658 | D        | Noticed a deep elf fighter
  1658 | D        | Noticed a deep elf fighter
  1658 | D        | Killed a deep elf fighter
  1658 | D        | Killed a deep elf fighter
  1658 | D        | Killed a deep elf priest
  1659 | D        | Noticed a deep elf mage
  1659 | D        | Killed a deep elf blademaster
  1659 | D        | Killed a deep elf mage
  1660 | D        | Noticed a deep elf summoner
  1660 | D        | Noticed a deep elf sorcerer
  1660 | D        | Killed a deep elf priest
  1661 | D        | Killed a deep elf summoner
  1662 | D        | Killed a deep elf sorcerer
  1813 | D        | Entered arena 18.
  1815 | D        | Noticed an ogre
  1815 | D        | Noticed an orc knight
  1816 | D        | Noticed an orc knight
  1816 | D        | Noticed an orc knight
  1816 | D        | Noticed a moth of wrath
  1816 | D        | Noticed an orc knight
  1816 | D        | Noticed an orc warrior
  1817 | D        | Noticed an orc knight
  1817 | D        | Killed a moth of wrath
  1817 | D        | Killed an orc warrior
  1818 | D        | Noticed an orc high priest
  1819 | D        | Noticed an orc warlord
  1820 | D        | Killed an orc knight
  1820 | D        | Killed an orc knight
  1820 | D        | Killed an orc knight
  1821 | D        | Killed an ogre
  1823 | D        | Killed an orc knight
  1824 | D        | Killed an orc knight
  1824 | D        | Reached skill level 27 in Invocations
  1829 | D        | Killed an orc high priest
  1830 | D        | Killed an orc warlord
  1991 | D        | Entered arena 19.
  1992 | D        | Noticed a vampire
  1995 | D        | Noticed a wraith
  1996 | D        | Killed a vampire
  1997 | D        | Noticed a shadow
  1997 | D        | Noticed an iron devil
  1998 | D        | Noticed a wraith
  1998 | D        | Noticed an iron devil
  1998 | D        | Noticed a hell hog
  1998 | D        | Noticed a phantasmal warrior
  1998 | D        | Noticed a red devil
  1998 | D        | Noticed an iron devil
  1998 | D        | Noticed a red devil
  1998 | D        | Noticed an iron devil
  1998 | D        | Noticed an iron devil
  1998 | D        | Noticed a skeletal warrior
  1999 | D        | Noticed a blue devil
  1999 | D        | Noticed a red devil
  1999 | D        | Noticed a reaper
  1999 | D        | Noticed a tormentor
  1999 | D        | Noticed a tormentor
  2000 | D        | Noticed a red devil
  2000 | D        | Noticed a hellion
  2000 | D        | Killed a red devil
  2000 | D        | Killed a shadow
  2000 | D        | Killed a hell hog
  2000 | D        | Killed an iron devil
  2000 | D        | Killed a tormentor
  2000 | D        | Killed a red devil
  2000 | D        | Killed a hellion
  2001 | D        | Killed a red devil
  2001 | D        | Killed a blue devil
  2001 | D        | Reached skill level 27 in Axes
  2001 | D        | Killed a red devil
  2001 | D        | Killed an iron devil
  2001 | D        | Killed an iron devil
  2001 | D        | Killed a reaper
  2001 | D        | Killed a tormentor
  2001 | D        | Reached XP level 15. HP: 72/142 MP: 30/38
  2001 | D        | Killed a wraith
  2001 | D        | Killed a phantasmal warrior
  2004 | D        | Killed a wraith
  2006 | D        | Killed an iron devil
  2007 | D        | Killed an iron devil
  2009 | D        | Killed a skeletal warrior
  2167 | D        | Got the amulet "Zocuty" {Inacc Str+1 Int+3}
  2219 | D        | Entered arena 20.
  2223 | D        | Noticed a reaper
  2223 | D        | Noticed a wraith
  2223 | D        | Noticed a blue devil
  2223 | D        | Noticed an ice devil
  2223 | D        | Noticed a freezing wraith
  2223 | D        | Noticed a freezing wraith
  2223 | D        | Noticed an ice dragon
  2223 | D        | Noticed an ice devil
  2224 | D        | Noticed an ice devil
  2224 | D        | Noticed a freezing wraith
  2224 | D        | Noticed a blue devil
  2225 | D        | Killed a blue devil
  2225 | D        | Killed an ice devil
  2225 | D        | Killed a freezing wraith
  2225 | D        | Killed an ice devil
  2225 | D        | Killed a wraith
  2225 | D        | Killed a freezing wraith
  2225 | D        | Killed a reaper
  2227 | D        | Killed a blue devil
  2231 | D        | Killed a freezing wraith
  2231 | D        | Killed an ice dragon
  2238 | D        | Killed an ice devil
  2267 | D        | Identified the Incunabulum of Earthen Moulding
  2306 | D        | Entered arena 21.
  2309 | D        | Noticed a jelly
  2309 | D        | Noticed a slime creature
  2309 | D        | Noticed an acid blob
  2310 | D        | Noticed a brown ooze
  2310 | D        | Noticed an azure jelly
  2310 | D        | Noticed an acid blob
  2310 | D        | Killed a jelly
  2310 | D        | Killed an acid blob
  2310 | D        | Killed a slime creature
  2310 | D        | Killed a brown ooze
  2310 | D        | Killed an acid blob
  2310 | D        | Killed a jelly
  2310 | D        | Killed a jelly
  2311 | D        | Noticed an acid blob
  2311 | D        | Noticed an acid blob
  2311 | D        | Noticed a slime creature
  2311 | D        | Noticed a slime creature
  2311 | D        | Noticed an acid blob
  2311 | D        | Noticed a brown ooze
  2311 | D        | Noticed an acid blob
  2311 | D        | Noticed a giant orange brain
  2312 | D        | Noticed an acid blob
  2312 | D        | Noticed a death ooze
  2312 | D        | Noticed a death ooze
  2312 | D        | Noticed a brown ooze
  2312 | D        | Noticed a jelly
  2312 | D        | Noticed an acid blob
  2312 | D        | Noticed a brown ooze
  2313 | D        | Noticed a brown ooze
  2313 | D        | Noticed a death ooze
  2313 | D        | Killed an acid blob
  2313 | D        | Killed a giant orange brain
  2313 | D        | Killed an acid blob
  2313 | D        | Killed an acid blob
  2313 | D        | Killed a death ooze
  2313 | D        | Killed an acid blob
  2313 | D        | Killed a slime creature
  2313 | D        | Killed a brown ooze
  2313 | D        | Killed a death ooze
  2313 | D        | Killed a death ooze
  2313 | D        | Killed an acid blob
  2313 | D        | Killed a jelly
  2313 | D        | Killed an acid blob
  2314 | D        | Noticed a brown ooze
  2314 | D        | Noticed a slime creature
  2314 | D        | Killed an azure jelly
  2315 | D        | Noticed a slime creature
  2316 | D        | Killed a brown ooze
  2319 | D        | Killed a slime creature
  2322 | D        | Killed a slime creature
  2324 | D        | Killed a brown ooze
  2327 | D        | Killed a slime creature
  2329 | D        | Killed a brown ooze
  2336 | D        | Killed a brown ooze
  2341 | D        | Identified Ghuvagau's Catalogue of Gliding Attacks
  2347 | D        | Got the amulet "Kalah" {Ward rN+ Dex+4 Int-3}
  2390 | D        | Entered arena 22.
  2396 | D        | Noticed a ghost moth
  2396 | D        | Noticed a wolf spider
  2397 | D        | Noticed a red wasp
  2397 | D        | Noticed a red wasp
  2397 | D        | Noticed a trapdoor spider
  2397 | D        | Noticed a moth of wrath
  2397 | D        | Noticed a yellow wasp
  2397 | D        | Noticed a demonic crawler
  2397 | D        | Noticed a yellow wasp
  2397 | D        | Noticed a red wasp
  2397 | D        | Noticed a jumping spider
  2397 | D        | Noticed a trapdoor spider
  2397 | D        | Noticed a redback
  2398 | D        | Noticed a yellow wasp
  2398 | D        | Noticed a red wasp
  2398 | D        | Noticed a redback
  2398 | D        | Noticed a ghost moth
  2398 | D        | Noticed a wolf spider
  2398 | D        | Noticed a goliath beetle
  2398 | D        | Noticed a jumping spider
  2398 | D        | Killed a jumping spider
  2398 | D        | Killed a redback
  2398 | D        | Killed a red wasp
  2398 | D        | Killed a moth of wrath
  2398 | D        | Killed a trapdoor spider
  2398 | D        | Killed a wolf spider
  2398 | D        | Killed a ghost moth
  2398 | D        | Killed a trapdoor spider
  2398 | D        | Killed a yellow wasp
  2398 | D        | Killed a redback
  2398 | D        | Reached XP level 16. HP: 162/162 MP: 28/39
  2398 | D        | Killed a red wasp
  2398 | D        | Killed an orb spider
  2398 | D        | Killed a trapdoor spider
  2398 | D        | Killed a yellow wasp
  2398 | D        | Killed a trapdoor spider
  2398 | D        | Killed a yellow wasp
  2398 | D        | Killed a red wasp
  2399 | D        | Noticed an emperor scorpion
  2399 | D        | Killed a wolf spider
  2399 | D        | Killed a yellow wasp
  2399 | D        | Killed a demonic crawler
  2399 | D        | Killed a red wasp
  2399 | D        | Killed a ghost moth
  2399 | D        | Killed a goliath beetle
  2399 | D        | Killed a jumping spider
  2399 | D        | Killed a red wasp
  2400 | D        | Noticed a ghost moth
  2400 | D        | Noticed a demonic crawler
  2400 | D        | Noticed a trapdoor spider
  2400 | D        | Noticed a red wasp
  2401 | D        | Noticed an orb spider
  2401 | D        | Noticed a red wasp
  2401 | D        | Noticed a demonic crawler
  2405 | D        | Killed a red wasp
  2406 | D        | Killed a red wasp
  2407 | D        | Killed a ghost moth
  2407 | D        | Killed an emperor scorpion
  2409 | D        | Killed a demonic crawler
  2415 | D        | Killed a trapdoor spider
  2420 | D        | Killed an orb spider
  2422 | D        | Got the +2 pair of gloves of Ecusy {rN+ MR++}
  2426 | D        | Killed a demonic crawler
  2559 | D        | Entered arena 23.
  2565 | D        | Noticed a stone giant
  2565 | D        | Noticed an orc high priest
  2566 | D        | Noticed an ogre
  2566 | D        | Noticed an orc sorcerer
  2566 | D        | Noticed an orc high priest
  2566 | D        | Noticed an orc knight
  2566 | D        | Noticed an orc sorcerer
  2566 | D        | Noticed an ogre
  2567 | D        | Noticed a stone giant
  2567 | D        | Noticed an orc sorcerer
  2567 | D        | Noticed an orc sorcerer
  2568 | D        | Noticed a moth of wrath
  2568 | D        | Noticed a stone giant
  2568 | D        | Noticed a moth of wrath
  2568 | D        | Noticed an orc sorcerer
  2569 | D        | Killed a moth of wrath
  2569 | D        | Reached skill level 27 in Fighting
  2569 | D        | Killed an orc sorcerer
  2569 | D        | Killed an orc knight
  2569 | D        | Killed a moth of wrath
  2569 | D        | Killed an orc sorcerer
  2569 | D        | Killed an orc sorcerer
  2569 | D        | Killed an ogre
  2569 | D        | Killed an orc high priest
  2569 | D        | Killed an orc high priest
  2569 | D        | Killed an ogre
  2569 | D        | Killed a stone giant
  2569 | D        | Killed a stone giant
  2570 | D        | Killed an orc sorcerer
  2572 | D        | Noticed a stone giant
  2574 | D        | Killed an orc sorcerer
  2579 | D        | Killed a stone giant
  2588 | D        | Killed a stone giant
  2676 | D        | Entered arena 24.
  2682 | D        | Noticed a five-headed hydra
  2682 | D        | Noticed a swamp dragon
  2682 | D        | Noticed a swamp drake
  2683 | D        | Noticed a quicksilver dragon
  2683 | D        | Noticed a six-headed hydra
  2683 | D        | Noticed a golden dragon
  2683 | D        | Noticed an ice dragon
  2683 | D        | Noticed a death drake
  2683 | D        | Noticed a mottled dragon
  2683 | D        | Noticed a golden dragon
  2683 | D        | Noticed a swamp dragon
  2683 | D        | Noticed a steam dragon
  2683 | D        | Noticed a shadow dragon
  2683 | D        | Noticed a mottled dragon
  2683 | D        | Noticed a shadow dragon
  2683 | D        | Noticed a quicksilver dragon
  2683 | D        | Noticed an iron dragon
  2683 | D        | Noticed a fire dragon
  2683 | D        | Noticed a shadow dragon
  2684 | D        | Noticed an iron dragon
  2684 | D        | Noticed a wyvern
  2684 | D        | Noticed an ice dragon
  2684 | D        | Noticed a swamp drake
  2684 | D        | Noticed a swamp dragon
  2684 | D        | Noticed an ice dragon
  2684 | D        | Noticed a wyvern
  2684 | D        | Noticed a steam dragon
  2684 | D        | Noticed an ice dragon
  2684 | D        | Noticed a death drake
  2684 | D        | Noticed an iron dragon
  2684 | D        | Noticed an iron dragon
  2684 | D        | Noticed a swamp drake
  2684 | D        | Noticed a steam dragon
  2684 | D        | Noticed a swamp drake
  2684 | D        | Noticed a golden dragon
  2685 | D        | Noticed a golden dragon
  2685 | D        | Noticed a quicksilver dragon
  2685 | D        | Killed a mottled dragon
  2685 | D        | Killed a golden dragon
  2685 | D        | Reached skill level 27 in Armour
  2685 | D        | Killed a swamp dragon
  2685 | D        | Killed a steam dragon
  2685 | D        | Reached skill level 5 in Dodging
  2685 | D        | Killed a mottled dragon
  2685 | D        | Killed a quicksilver dragon
  2685 | D        | Killed a wyvern
  2685 | D        | Reached skill level 5 in Spellcasting
  2685 | D        | Killed a swamp drake
  2685 | D        | Killed a mottled dragon
  2685 | D        | Killed a swamp drake
  2685 | D        | Killed a swamp drake
  2686 | D        | Noticed a fire dragon
  2686 | D        | Noticed a quicksilver dragon
  2686 | D        | Noticed a five-headed hydra
  2686 | D        | Killed an ice dragon
  2686 | D        | Killed an ice dragon
  2686 | D        | Killed a swamp dragon
  2686 | D        | Killed a quicksilver dragon
  2686 | D        | Killed a swamp drake
  2686 | D        | Killed a steam dragon
  2686 | D        | Killed a death drake
  2686 | D        | Killed a six-headed hydra
  2686 | D        | Killed a quicksilver dragon
  2686 | D        | Killed a death drake
  2686 | D        | Killed a quicksilver dragon
  2686 | D        | Killed a shadow dragon
  2686 | D        | Reached skill level 10 in Dodging
  2686 | D        | Killed a golden dragon
  2686 | D        | Killed a wyvern
  2686 | D        | Reached XP level 17. HP: 171/171 MP: 32/39
  2686 | D        | Killed a swamp drake
  2686 | D        | Killed a steam dragon
  2686 | D        | Killed an ice dragon
  2686 | D        | Reached skill level 10 in Spellcasting
  2687 | D        | Noticed a fire drake
  2687 | D        | Killed a fire dragon
  2687 | D        | Killed a golden dragon
  2687 | D        | Killed an iron dragon
  2687 | D        | Killed an ice dragon
  2687 | D        | Killed a fire drake
  2687 | D        | Killed an iron dragon
  2688 | D        | Killed a golden dragon
  2688 | D        | Killed a five-headed hydra
  2688 | D        | Killed a shadow dragon
  2688 | D        | Killed a five-headed hydra
  2688 | D        | Killed a fire dragon
  2688 | D        | Killed an iron dragon
  2689 | D        | Killed a swamp dragon
  2689 | D        | Killed a shadow dragon
  2690 | D        | Noticed a death drake
  2690 | D        | Noticed a swamp dragon
  2696 | D        | Killed a swamp dragon
  2697 | D        | Killed an iron dragon
  2699 | D        | Killed a death drake
  2704 | D        | Got the ring "Komemama" {AC+3 Dex+4}
  2714 | D        | Got the ring of Sloth {+Fly rF- Int+4 SInv}
  2744 | D        | Got the amulet of Niqyidet {Inacc Str+4}
  2748 | D        | Identified Sif Muna's Incunabulum of the Oath
  2757 | D        | Got the ring of Surprise {rF+ Dex+4 Int+4}
  2776 | D        | Entered arena 25.
  2784 | D        | Noticed a blink frog
  2784 | D        | Noticed a black mamba
  2785 | D        | Noticed a spiny frog
  2785 | D        | Noticed a crocodile
  2785 | D        | Noticed a crocodile
  2785 | D        | Noticed a spiny frog
  2785 | D        | Noticed a giant slug
  2785 | D        | Noticed a giant slug
  2785 | D        | Noticed a water moccasin
  2785 | D        | Noticed a crocodile
  2785 | D        | Noticed an elephant slug
  2786 | D        | Noticed a spiny frog
  2786 | D        | Noticed a five-headed hydra
  2786 | D        | Noticed a black mamba
  2786 | D        | Noticed a spiny frog
  2786 | D        | Noticed a water moccasin
  2786 | D        | Noticed a giant slug
  2786 | D        | Noticed a seven-headed hydra
  2786 | D        | Noticed a crocodile
  2786 | D        | Noticed a komodo dragon
  2786 | D        | Noticed a wyvern
  2787 | D        | Noticed an elephant slug
  2787 | D        | Noticed a crocodile
  2787 | D        | Noticed a six-headed hydra
  2787 | D        | Noticed a black mamba
  2787 | D        | Noticed a water moccasin
  2787 | D        | Noticed a blink frog
  2787 | D        | Noticed a yak
  2787 | D        | Noticed a hippogriff
  2787 | D        | Noticed a spiny frog
  2788 | D        | Noticed a hippogriff
  2788 | D        | Noticed a five-headed hydra
  2788 | D        | Killed a blink frog
  2788 | D        | Killed a crocodile
  2788 | D        | Killed a water moccasin
  2788 | D        | Killed a wyvern
  2788 | D        | Killed a spiny frog
  2788 | D        | Killed a spiny frog
  2788 | D        | Reached skill level 15 in Dodging
  2788 | D        | Killed a giant slug
  2788 | D        | Killed a crocodile
  2788 | D        | Killed a spiny frog
  2788 | D        | Killed a crocodile
  2788 | D        | Killed a black mamba
  2789 | D        | Noticed a basilisk
  2789 | D        | Noticed a boulder beetle
  2789 | D        | Noticed a hippogriff
  2789 | D        | Noticed a komodo dragon
  2789 | D        | Noticed an eight-headed hydra
  2789 | D        | Killed a black mamba
  2789 | D        | Killed a water moccasin
  2789 | D        | Killed a komodo dragon
  2789 | D        | Killed a spiny frog
  2789 | D        | Killed a crocodile
  2789 | D        | Killed a seven-headed hydra
  2789 | D        | Killed a crocodile
  2789 | D        | Killed a yak
  2789 | D        | Killed a spiny frog
  2789 | D        | Killed a six-headed hydra
  2789 | D        | Killed a blink frog
  2789 | D        | Killed a five-headed hydra
  2789 | D        | Killed a hippogriff
  2790 | D        | Noticed a catoblepas
  2790 | D        | Killed a water moccasin
  2791 | D        | Noticed a spiny frog
  2791 | D        | Noticed a yak
  2791 | D        | Killed a black mamba
  2793 | D        | Noticed a six-headed hydra
  2793 | D        | Killed a six-headed hydra
  2795 | D        | Noticed a giant slug
  2795 | D        | Killed a 11-headed hydra
  2796 | D        | Killed a komodo dragon
  2797 | D        | Killed a hippogriff
  2798 | D        | Killed a giant slug
  2798 | D        | Killed a spiny frog
  2798 | D        | Killed a catoblepas
  2799 | D        | Killed an elephant slug
  2801 | D        | Killed a basilisk
  2802 | D        | Killed a boulder beetle
  2802 | D        | Killed a hippogriff
  2804 | D        | Killed a yak
  2807 | D        | Killed a 11-headed hydra
  2807 | D        | Reached skill level 15 in Spellcasting
  2810 | D        | Killed a giant slug
  2811 | D        | Killed an elephant slug
  2816 | D        | Killed a giant slug
  2902 | D        | Entered arena 26.
  2902 | D        | Noticed a hell hound
  2902 | D        | Noticed a fire vortex
  2904 | D        | Noticed a fire vortex
  2904 | D        | Noticed a fire vortex
  2907 | D        | Killed a hell hound
  2908 | D        | Killed a fire vortex
  2912 | D        | Killed a fire vortex
  2913 | D        | Noticed a fire vortex
  2913 | D        | Noticed a fire dragon
  2914 | D        | Noticed a hell hound
  2914 | D        | Noticed a balrug
  2914 | D        | Noticed an efreet
  2914 | D        | Noticed a fire drake
  2914 | D        | Noticed an orb of fire
  2914 | D        | Noticed a fire drake
  2915 | D        | Noticed a fire dragon
  2915 | D        | Noticed an efreet
  2915 | D        | Noticed a fire drake
  2915 | D        | Noticed a fire drake
  2915 | D        | Noticed a fire dragon
  2915 | D        | Noticed a hell hog
  2916 | D        | Noticed a hell hog
  2916 | D        | Noticed a hell hound
  2916 | D        | Noticed a fire elemental
  2916 | D        | Noticed a fire dragon
  2916 | D        | Noticed an efreet
  2917 | D        | Noticed a fire drake
  2917 | D        | Noticed a fire dragon
  2917 | D        | Noticed a hell hog
  2917 | D        | Noticed a fire dragon
  2917 | D        | Noticed a fire giant
  2917 | D        | Killed a hell hound
  2917 | D        | Killed a fire vortex
  2917 | D        | Killed a fire drake
  2917 | D        | Killed a fire drake
  2917 | D        | Killed a hell hog
  2918 | D        | Noticed an orb of fire
  2918 | D        | Noticed a balrug
  2918 | D        | Noticed a fire dragon
  2918 | D        | Killed a fire dragon
  2918 | D        | Killed a balrug
  2918 | D        | Killed a fire drake
  2918 | D        | Killed an efreet
  2918 | D        | Killed a fire elemental
  2918 | D        | Killed an efreet
  2918 | D        | Killed an efreet
  2918 | D        | Killed a hell hog
  2918 | D        | Killed a fire dragon
  2918 | D        | Killed a fire drake
  2918 | D        | Killed an orb of fire
  2918 | D        | Killed a fire giant
  2918 | D        | Reached XP level 18. HP: 169/180 MP: 32/40
  2918 | D        | Killed a fire drake
  2918 | D        | Killed a hell hound
  2918 | D        | Killed a hell hog
  2918 | D        | Killed a fire dragon
  2918 | D        | Killed a fire dragon
  2919 | D        | Noticed a hell hog
  2919 | D        | Noticed a balrug
  2920 | D        | Noticed a hell hound
  2921 | D        | Noticed an orb of fire
  2922 | D        | Noticed an efreet
  2922 | D        | Noticed a fire elemental
  2922 | D        | Noticed a balrug
  2922 | D        | Noticed a fire dragon
  2922 | D        | Noticed an efreet
  2922 | D        | Noticed a balrug
  2922 | D        | Noticed a hell hog
  2922 | D        | Noticed a fire dragon
  2923 | D        | Noticed a hell hog
  2923 | D        | Noticed an efreet
  2924 | D        | Noticed a fire dragon
  2924 | D        | Noticed a balrug
  2924 | D        | Noticed a balrug
  2924 | D        | Noticed a balrug
  2925 | D        | Noticed a hell hog
  2926 | D        | Noticed a fire elemental
  2926 | D        | Killed a fire dragon
  2927 | D        | Noticed an efreet
  2927 | D        | Noticed a fire dragon
  2927 | D        | Killed a hell hog
  2927 | D        | Killed a fire dragon
  2929 | D        | Noticed a hell hound
  2929 | D        | Killed a fire elemental
  2929 | D        | Killed a fire dragon
  2931 | D        | Killed an orb of fire
  2931 | D        | Killed a hell hog
  2932 | D        | Killed an efreet
  2932 | D        | Killed a balrug
  2933 | D        | Killed a hell hound
  2934 | D        | Noticed a fire vortex
  2934 | D        | Killed a hell hog
  2936 | D        | Killed an orb of fire
  2936 | D        | Killed an efreet
  2937 | D        | Killed an efreet
  2938 | D        | Killed a hell hog
  2938 | D        | Killed a balrug
  2940 | D        | Killed a balrug
  2940 | D        | Killed a fire elemental
  2941 | D        | Killed a balrug
  2942 | D        | Killed a fire dragon
  2942 | D        | Killed a hell hound
  2945 | D        | Killed a balrug
  2945 | D        | Killed a balrug
  2947 | D        | Killed a fire dragon
  2948 | D        | Killed a fire dragon
  2949 | D        | Killed a fire dragon
  2949 | D        | Killed an efreet
  2950 | D        | Noticed a balrug
  2951 | D        | Killed a balrug
  2960 | D        | Killed a balrug
  2968 | D        | Killed a fire vortex
  3050 | D        | Killed a fire vortex
  3350 | D        | Got the amulet "Ujec" {Inacc Contam}
  3359 | D        | Identified the Compendium of Creation
  3399 | D        | Entered arena 27.
  3406 | D        | Noticed a merfolk javelineer
  3407 | D        | Noticed a merfolk impaler
  3407 | D        | Noticed a cyclops
  3407 | D        | Noticed a kraken
  3407 | D        | Noticed a merfolk aquamancer
  3407 | D        | Noticed a sea snake
  3408 | D        | Noticed a merfolk javelineer
  3408 | D        | Noticed a sea snake
  3408 | D        | Noticed a manticore
  3408 | D        | Noticed a merfolk javelineer
  3408 | D        | Noticed a merfolk impaler
  3408 | D        | Noticed a shark
  3408 | D        | Noticed a harpy
  3408 | D        | Noticed a merfolk javelineer
  3408 | D        | Noticed a kraken
  3409 | D        | Noticed an alligator snapping turtle
  3409 | D        | Noticed a merfolk javelineer
  3409 | D        | Noticed a merfolk javelineer
  3409 | D        | Noticed a merfolk impaler
  3409 | D        | Noticed a sea snake
  3409 | D        | Noticed a mermaid
  3409 | D        | Noticed a shark
  3409 | D        | Noticed a kraken
  3409 | D        | Noticed a merfolk
  3410 | D        | Noticed a griffon
  3410 | D        | Noticed a wind drake
  3410 | D        | Noticed a merfolk javelineer
  3410 | D        | Noticed a merfolk aquamancer
  3410 | D        | Killed a manticore
  3410 | D        | Killed a merfolk impaler
  3410 | D        | Killed a merfolk javelineer
  3410 | D        | Killed a merfolk aquamancer
  3410 | D        | Killed a shark
  3410 | D        | Killed a merfolk impaler
  3410 | D        | Killed a merfolk javelineer
  3410 | D        | Killed a cyclops
  3410 | D        | Killed a sea snake
  3410 | D        | Killed a griffon
  3410 | D        | Killed a merfolk javelineer
  3411 | D        | Noticed a merfolk aquamancer
  3411 | D        | Noticed a hippogriff
  3411 | D        | Noticed a merfolk javelineer
  3411 | D        | Killed a merfolk javelineer
  3411 | D        | Killed a merfolk impaler
  3411 | D        | Killed a merfolk javelineer
  3411 | D        | Killed a kraken
  3411 | D        | Killed a sea snake
  3411 | D        | Killed a sea snake
  3411 | D        | Killed a hippogriff
  3411 | D        | Killed a mermaid
  3411 | D        | Killed a centaur
  3411 | D        | Killed a shark
  3411 | D        | Killed a harpy
  3411 | D        | Killed a merfolk
  3411 | D        | Killed a merfolk javelineer
  3411 | D        | Killed a wind drake
  3411 | D        | Killed a merfolk aquamancer
  3411 | D        | Killed a merfolk javelineer
  3411 | D        | Killed an alligator snapping turtle
  3412 | D        | Noticed a merfolk javelineer
  3412 | D        | Noticed a manticore
  3412 | D        | Noticed a snapping turtle
  3412 | D        | Noticed a snapping turtle
  3412 | D        | Noticed a merfolk aquamancer
  3413 | D        | Noticed a water elemental
  3413 | D        | Killed a merfolk aquamancer
  3413 | D        | Killed a shark
  3413 | D        | Killed a kraken
  3413 | D        | Reached XP level 19. HP: 176/186 MP: 27/43
  3413 | D        | Killed a manticore
  3413 | D        | Killed a sea snake
  3413 | D        | Killed a water elemental
  3413 | D        | Killed a snapping turtle
  3413 | D        | Killed a merfolk
  3414 | D        | Noticed a merfolk
  3414 | D        | Killed a sea snake
  3415 | D        | Noticed a griffon
  3416 | D        | Noticed a merfolk aquamancer
  3416 | D        | Noticed a harpy
  3416 | D        | Noticed a merfolk javelineer
  3416 | D        | Noticed a merfolk aquamancer
  3416 | D        | Noticed a merfolk javelineer
  3416 | D        | Noticed a merfolk
  3416 | D        | Killed a merfolk aquamancer
  3416 | D        | Killed a merfolk javelineer
  3416 | D        | Killed a manticore
  3416 | D        | Killed a harpy
  3416 | D        | Killed a griffon
  3416 | D        | Killed a merfolk
  3416 | D        | Killed a snapping turtle
  3416 | D        | Killed a merfolk javelineer
  3416 | D        | Killed a merfolk aquamancer
  3416 | D        | Killed a merfolk javelineer
  3416 | D        | Killed a sea snake
  3416 | D        | Killed a kraken
  3417 | D        | Noticed a merfolk impaler
  3417 | D        | Noticed a merfolk aquamancer
  3417 | D        | Noticed a shark
  3417 | D        | Noticed a merfolk impaler
  3418 | D        | Noticed a merfolk
  3418 | D        | Noticed a snapping turtle
  3419 | D        | Noticed a mermaid
  3419 | D        | Noticed a sea snake
  3422 | D        | Noticed a kraken
  3423 | D        | Killed a merfolk
  3425 | D        | Killed a merfolk aquamancer
  3427 | D        | Killed a snapping turtle
  3431 | D        | Killed a merfolk aquamancer
  3437 | D        | Killed a merfolk impaler
  3440 | D        | Killed a sea snake
  3442 | D        | Killed a merfolk impaler
  3444 | D        | Killed a merfolk
  3446 | D        | Killed a merfolk javelineer
  3449 | D        | Killed a mermaid
  3453 | D        | Killed a shark
  3459 | D        | Killed a kraken
  3483 | D        | Identified the Papyrus of Self-Improvement and Feathers
  3559 | D        | Got the Orb of Zot
  3564 | D        | Escaped with the Orb!

Action                   |  1- 3 |  4- 6 |  7- 9 | 10-12 | 13-15 | 16-18 | 19-21 || total
-------------------------+-------+-------+-------+-------+-------+-------+-------++-------
Melee: Broad axe         |     4 |     3 |    20 |    28 |    75 |    92 |    31 ||   253
Invok: Upheaval          |       |       |     2 |    24 |    16 |       |       ||    42
       Disaster Area     |       |       |       |       |     6 |    13 |     2 ||    21
  Use: Scroll            |     1 |       |     1 |       |     5 |     4 |     4 ||    15
       Potion            |       |       |       |     2 |       |     4 |       ||     6
 Stab: Distracted        |       |       |       |       |     1 |     1 |       ||     2
